 Dungeon Crawl Stone Soup version 0.24.0-2-g5b39cebb1c (webtiles) character file.

Game seed: 15513841784561684764, levelgen mode: deterministic

59 dremek the Grave Robber (level 3, 0/24 HPs)
             Began as a Demonspawn Necromancer on Oct 31, 2019.
             Succumbed to a worker ant's poison
             ... on level 2 of the Dungeon.
             The game lasted 00:10:03 (1613 turns).

dremek the Grave Robber (Demonspawn Necromancer)    Turns: 1613, Time: 00:10:04

Health: 0/24       AC:  5    Str:  8    XL:     3   Next: 78%
Magic:  1/6        EV: 12    Int: 22    God:
Gold:   54         SH:  0    Dex: 13    Spells: 5/6 levels left

rFire    . . .     SeeInvis .   e - +0 short sword
rCold    . . .     Gourm    .   (no shield)
rNeg     . . .     Faith    .   a - +0 robe
rPois    .         Spirit   .   (no helmet)
rElec    .         Reflect  .   (no cloak)
rCorr    .         Harm     .   d - +0 pair of gloves
MR       .....     Clarity  +   (no boots)
Stlth    ++........             (no amulet)
HPRegen  0.08/turn              (no ring)
MPRegen  0.10/turn              (no ring)

@: brilliant, lethally poisoned (0 -> -9), very slightly contaminated, invisible
A: thin metallic scales 1, clarity, wild magic 1, rot immunity
a: no special abilities


You were on level 2 of the Dungeon.
You were not hungry.

You visited 1 branch of the dungeon, and saw 2 of its levels.

You collected 54 gold pieces.

Inventory:

Hand Weapons
 e - a +0 short sword (weapon)
Armour
 a - a +0 robe (worn)
 d - a +0 pair of gloves (worn)
Scrolls
 f - a scroll of amnesia {unknown}
Potions
 b - a potion of brilliance
 h - a potion of curing {unknown}
Comestibles
 c - 2 rations


   Skills:
 - Level 1.7 Dodging
 - Level 1.7 Stealth
 - Level 2.1 Spellcasting
 + Level 6.0 Necromancy


You had 5 spell levels left.
You knew the following spells:

 Your Spells              Type           Power        Failure   Level  Hunger
a - Pain                  Necr           ####         1%          1    #......

Your spell library contained the following spells:

 Spells                   Type           Power        Failure   Level  Hunger
 Animate Skeleton         Necr           N/A          1%          1    #......
 Vampiric Draining        Necr           ######....   1%          3    ###....
 Regeneration             Chrm/Necr      #####.....   2%          3    ###....
 Animate Dead             Necr           N/A          2%          4    #####..


Dungeon Overview and Level Annotations

Branches:
Dungeon (2/15)

Altars:


Innate Abilities, Weirdness & Mutations

You are partially covered in thin metallic scales. (AC +2)
You are immune to rotting.
You possess an exceptional clarity of mind.
Your spells are a little harder to cast, but a little more powerful.


Message History

* * * LOW HITPOINT WARNING * * *
You are lethally poisoned!
The worker ant poisons you! The worker ant closely misses you.
* * * LOW HITPOINT WARNING * * *
You feel sick.
It was a potion of mutation.
You feel extremely strange.
You feel less in control of your magic.
Your thoughts seem clearer.
* * * LOW HITPOINT WARNING * * *
You feel sick.
The worker ant bites you but does no damage.
It was a potion of brilliance.
You feel clever all of a sudden.
* * * LOW HITPOINT WARNING * * *
You feel sick. The worker ant closely misses you.
It was a potion of invisibility.
You fade into invisibility!
* * * LOW HITPOINT WARNING * * *
You feel sick. The worker ant barely misses you.
You are very lightly contaminated with residual magic.
You die...

#.## ..............#
#... ..............#
#####
#..(...$....#.# . #
............#.##.. #
................ #
#####.........# #
........a.....# .
#.......#.....# ...
..#.#.#.#@#.#.#.....
# #.###..........#
#.#####.####...#
#<.............#
######.###.##..
#........ #####.###


You could see a worker ant.

Vanquished Creatures
  Natasha (D:2)
  3 dart slugs
  A leopard gecko (D:1)
  A goblin (D:1)
  5 hobgoblins (D:1)
  6 kobolds
  A ball python (D:1)
  A bat (D:1)
  4 frilled lizards (D:1)
  6 rats
29 creatures vanquished.

Notes
Turn   | Place    | Note
-------+----------+-------------------------------------------
     0 | D:1      | dremek the Demonspawn Necromancer began the quest for the
                  | Orb.
     0 | D:1      | Reached XP level 1. HP: 13/13 MP: 3/3
   418 | D:1      | Gained mutation: You are immune to rotting. [demonic
                  | ancestry]
   418 | D:1      | Reached XP level 2. HP: 15/19 MP: 0/5
   526 | D:1      | Reached skill level 5 in Necromancy
  1261 | D:1      | Gained mutation: You are partially covered in thin metallic
                  | scales. (AC +2) [demonic ancestry]
  1261 | D:1      | Reached XP level 3. HP: 23/24 MP: 3/6
  1500 | D:2      | Noticed a phantom
  1596 | D:2      | Noticed Natasha
  1602 | D:2      | Killed Natasha
  1602 | D:2      | Reached skill level 6 in Necromancy
  1609 | D:2      | Gained mutation: Your spells are a little harder to cast,
                  | but a little more powerful. [potion of mutation]
  1609 | D:2      | Gained mutation: You possess an exceptional clarity of
                  | mind. [potion of mutation]
  1611 | D:2      | HP: 1/24 [poisoned by a worker ant]
  1613 | D:2      | Succumbed to a worker ant's poison

Levels and vault maps discovered:
D:1:      minmay_arrival_solitary_statue, layout_loops_ring, minivault_11
D:2:      layout_basic, tso_metal_star, uniq_natasha

Skill      XL: |  1  2  3 |
---------------+----------+-----
Necromancy     | 5 6 |  6.0
Dodging        | |  1.7
Stealth        | |  1.7
Spellcasting   | |  2.1

Action                   || total
-------------------------++-------
Melee: Unarmed           ||    16
       Short sword       ||     7
 Cast: Pain              ||    50
  Use: Potion            ||     3
  Eat: Chunk             ||     1
       Ration            ||     1
Armor: Robe              ||     7
Dodge: Dodged            ||    21
